 Dungeon Crawl Stone Soup version 0.29-a0-520-gc852659d43 (webtiles) character file.

Game seed: 8595650263890325570

74 jifgo the Conjurer (level 4, 30/30 HPs)
             Began as a Demonspawn Conjurer on May 31, 2022.
             Got out of the dungeon alive.
             The game lasted 00:04:46 (1761 turns).

jifgo the Conjurer (Demonspawn Conjurer)            Turns: 1761, Time: 00:04:47

Health: 30/30      AC:  3    Str:  7    XL:     4   Next: 9%
Magic:  8/8        EV: 12    Int: 23    God:
Gold:   50         SH:  0    Dex: 12    Spells: 2/8 levels left

rFire   . . .      SeeInvis .   e - +0 dagger
rCold   . . .      Faith    .   (no shield)
rNeg    . . .      Spirit   .   a - +0 robe
rPois   .          Reflect  .   (no helmet)
rElec   .          Harm     .   (no cloak)
rCorr   .          Rampage  .   h - +0 pair of gloves
Will    .....                   (no boots)
Stlth   ++........              (no amulet)
HPRegen 0.10/turn               c - ring of flight
MPRegen 0.11/turn               (no ring)

@: flying
A: powered by pain 1, big brain 1
a: no special abilities


You escaped.
You visited 1 branch of the dungeon, and saw 2 of its levels.

You collected 50 gold pieces.

Inventory:

Hand Weapons
 e - a +0 dagger (weapon)
Armour
 a - a +0 robe (worn)
 h - a +0 pair of gloves (worn)
Jewellery
 c - a ring of flight (left hand)
Scrolls
 d - a scroll of amnesia {unknown}
 f - a scroll of torment {unknown}
 j - 2 scrolls of blinking {unknown}
 k - a scroll of noise {unknown}
 l - a scroll of identify {unknown}
 m - a scroll of magic mapping {unknown}
Potions
 b - a potion of magic
 g - a potion of attraction {unknown}
 i - 2 potions of cancellation {unknown}


   Skills:
 + Level 2.5 Dodging
 + Level 2.5 Stealth
 + Level 2.6 Spellcasting
 + Level 4.4 Conjurations


You had 2 spell levels left.
You knew the following spells:

 Your Spells              Type           Power      Damage    Failure   Level
a - Searing Ray           Conj           46%        2d6       3%          2
b - Dazzling Flash        Conj/Hex       26%        N/A       14%         3
x - Magic Dart            Conj           92%        1d7       1%          1

Your spell library contained the following spells:

 Spells                   Type           Power      Damage    Failure   Level
 Fulminant Prism          Conj/Hex       6%         3d7       43%         4
 Iskenderun's Mystic Bla  Conj/Tloc      13%        2d5       43%         4


Dungeon Overview and Level Annotations

Branches:
Dungeon (2/15)

Altars:

Shops:
D:1 [


Innate Abilities, Weirdness & Mutations

You sometimes gain a little power by taking damage.
You have an unusually large brain. (Int +2)


Message History

Aim: a giant cockroach (almost dead, 100% to hit)
The magic dart hits the giant cockroach.
You kill the giant cockroach!
Casting: Magic Dart (safe; 1% risk of failure)
Confirm with . or Enter, or press ? or * to list all spells.
You can't see any susceptible monsters within range! (Use Z to cast anyway.)
Casting: Magic Dart (safe; 1% risk of failure)
Confirm with . or Enter, or press ? or * to list all spells.
You can't see any susceptible monsters within range! (Use Z to cast anyway.)
You start resting.
Magic restored.
A rat comes into view.
A rat is nearby!
Casting: Magic Dart (safe; 1% risk of failure)
Confirm with . or Enter, or press ? or * to list all spells.
Aiming: Magic Dart (safe; 1% risk of failure)
Press: ? - help, Shift-Dir - straight line, f - rat
Aim: a rat (asleep, 100% to hit)
The magic dart hits the rat!
You kill the rat!
Casting: Magic Dart (safe; 1% risk of failure)
Confirm with . or Enter, or press ? or * to list all spells.
You can't see any susceptible monsters within range! (Use Z to cast anyway.)
Casting: Magic Dart (safe; 1% risk of failure)
Confirm with . or Enter, or press ? or * to list all spells.
You can't see any susceptible monsters within range! (Use Z to cast anyway.)
You start resting.
Magic restored.
Found an escape hatch in the floor.
Found a stone staircase leading down.
Found a stone staircase leading down.
You see here a +0 scale mail.
You see here a giant cockroach corpse.
Found 13 stones.
Found a leather armour.
You see here a +0 ring mail.
There is an escape hatch in the ceiling here.
A mysterious force pulls you upwards. The hatch slams shut behind you.
There is a staircase leading out of the dungeon here.
Are you sure you want to leave the Dungeon?
This will make you lose the game!
You have escaped!

#.####.##.#'#.## #.# #.#
#....##...###.#
#.####.####.....'#.#
#.......##.......###
######.##.........##
###...........##
######.............#
#....#.............#
#.####......@......# #.#
#.............# #.#
#.............# #######
#.# #'...........##
#...... #.#
###.........######.###..
#.#
##.......##......###.#
#.#####
##.....##.......)....
#...).#
###.#'############.#
#####.######.#.## #.#


There were no monsters in sight!

Vanquished Creatures
  Jessica (D:2)
  An adder (D:2)
  A worm (D:1)
  A dart slug (D:1)
  5 ball pythons (D:1)
  A giant cockroach (D:2)
  2 goblins
  A hobgoblin (D:1)
  3 jackals (D:1)
  6 kobolds (D:1)
  2 quokkas
  4 bats
  3 frilled lizards
  2 rats
33 creatures vanquished.

Vanquished Creatures (others)
  2 demonic plants (D:1)
2 creatures vanquished.

Grand Total: 35 creatures vanquished

Notes
Turn   | Place    | Note
-------+----------+-------------------------------------------
     0 | D:1      | jifgo the Demonspawn Conjurer began the quest for the Orb.
     0 | D:1      | Reached XP level 1. HP: 13/13 MP: 3/3
   305 | D:1      | Gained mutation: You have an unusually large brain. (Int
                  | +2) [demonic ancestry]
   305 | D:1      | Reached XP level 2. HP: 19/19 MP: 0/5
   361 | D:1      | Learned a level 2 spell: Searing Ray
   366 | D:1      | Found a faded altar of an unknown god.
   366 | D:1      | Noticed a crimson imp
   879 | D:1      | Found Mita's Armour Emporium.
  1101 | D:1      | Reached XP level 3. HP: 24/24 MP: 0/6
  1212 | D:1      | Learned a level 3 spell: Dazzling Flash
  1213 | D:2      | Noticed Jessica
  1277 | D:2      | Killed Jessica
  1574 | D:2      | Gained mutation: You sometimes gain a little power by
                  | taking damage. [demonic ancestry]
  1574 | D:2      | Reached XP level 4. HP: 25/30 MP: 3/8
  1761 | D:$      | Got out of the dungeon alive.

Illustrated notes

Levels and vault maps discovered:
D:1:      lemuel_arrival_rhombus, layout_loops_ring, serial_shops,
          nicolae_lakefront_shop, dreamdust_ecumenical_altar_sealed_demon
D:2:      layout_rooms, uniq_jessica

Skill      XL: |  1 |
---------------+----+-----
Stealth        | 2 |  2.5
Dodging        | 2 |  2.5
Spellcasting   | |  2.6
Conjurations   | |  4.4

Action                   |  1- 3 |  4- 6 || total
-------------------------+-------+-------++-------
Melee: Dagger            |    15 |       ||    15
 Cast: Magic Dart        |    54 |     3 ||    57
       Searing Ray       |     3 |       ||     3
 Stab: Sleeping          |     2 |       ||     2
Armor: Robe              |    10 |       ||    10
Dodge: Dodged            |    28 |       ||    28

Table legend: (Time is in decaauts)
 A = Elapsed time spent in this place.
 B = Non-inter-level travel time spent in this place.
 C = Inter-level travel time spent in this place.
 D = Time resting spent in this place.
 E = Time spent auto-exploring this place.
 F = Levels seen in this place.
 G = Mean time per level.
                   A        B        C        D        E       F      G
               +--------+--------+--------+--------+--------+-----+--------+
         Total |   1760 |   1644 |    116 |    546 |    850 |   2 |  880.0 |
       Dungeon |   1760 |   1644 |    116 |    546 |    850 |   2 |  880.0 |
               +--------+--------+--------+--------+--------+-----+--------+

Top non-repeatable levels by time:
     D:1: 1320 daAuts
     D:2: 440 daAuts
